 Dungeon Crawl Stone Soup version 0.21.0-3-g78d12a8 (webtiles) character file.

111 magipi the Slasher (level 4, -2/37 HPs)
             Began as a Minotaur Skald on Jan 9, 2018.
             Killed by nerve-wracking pain
             ... invoked by Grinder
              (5 damage)
             ... on level 3 of the Dungeon.
             The game lasted 00:06:30 (1057 turns).

magipi the Slasher (Minotaur Skald)                 Turns: 1057, Time: 00:06:30

Health: -2/37      AC:  6    Str: 15    XL:     4   Next: 62%
Magic:  4/5        EV: 11    Int: 10    God:
Gold:   84         SH:  0    Dex: 11    Spells: 5/6 levels left

rFire    . . .     SeeInvis .   a - +0 falchion
rCold    . . .     Gourm    .   (no shield)
rNeg     . . .     Faith    .   e - +0 ring mail
rPois    .         Spirit   .   (helmet restricted)
rElec    .         Reflect  .   (no cloak)
rCorr    .         Harm     .   (no gloves)
MR       .....                  n - +0 pair of boots
Stlth    +.........             (no amulet)
HPRegen  0.12/turn              (no ring)
MPRegen  0.09/turn              (no ring)

@: infused (expiring), flying
A: retaliatory headbutt, horns 2
a: no special abilities


You were on level 3 of the Dungeon.
You were not hungry.

You visited 1 branch of the dungeon, and saw 3 of its levels.

You collected 84 gold pieces.

Inventory:

Hand Weapons
 a - a +0 falchion (weapon)
Armour
 b - a +0 leather armour
 e - a +0 ring mail (worn)
   (You found it on level 1 of the Dungeon)
 n - a +0 pair of boots (worn)
   (You found it on level 2 of the Dungeon)
Jewellery
 g - an uncursed ring of ice
   (You found it on level 1 of the Dungeon)
Scrolls
 h - 3 scrolls of remove curse
 i - 3 scrolls of teleportation {unknown}
 l - a scroll of identify {unknown}
 m - a scroll of enchant armour {unknown}
 o - 2 scrolls of amnesia {unknown}
Books
 c - a book of Battle

   Spells                             Type                      Level
   a - Infusion                       Charms                       1
   b - Shroud of Golubria             Charms/Translocation         2
   c - Song of Slaying                Charms                       2
   d - Spectral Weapon                Hexes/Charms                 3
   e - Regeneration                   Charms/Necromancy            3
Comestibles
 d - 4 rations
 j - a chunk of flesh


   Skills:
 - Level 2.4 Fighting
 * Level 4.6 Long Blades
 - Level 1.2 Armour
 - Level 2.1 Dodging
 + Level 1.8 Spellcasting
 + Level 2.6 Charms


You had 5 spell levels left.
You knew the following spells:

 Your Spells              Type           Power        Failure   Level  Hunger
a - Infusion              Chrm           #...         21%         1    ##.....


Dungeon Overview and Level Annotations

Branches:
Dungeon (3/15)

Altars:
Ashenzari
Cheibriados
Elyvilon
Gozag
Okawaru
Trog
Vehumet
Xom
Zin

Annotations:
D:2 Sigmund
D:3 Grinder


Innate Abilities, Weirdness & Mutations

You reflexively headbutt those who attack you in melee.
You have a pair of horns on your head.


Message History

You closely miss Terence.
Terence is moderately wounded.
Terence hits you but does no damage.
You hit Terence but do no damage.
Terence is moderately wounded.
Terence barely misses you. You furiously retaliate!
You headbutt Terence, but do no damage.
You riposte.
You slash Terence! You headbutt Terence.
Terence is almost dead.
You hit Terence but do no damage.
Terence is almost dead.
Terence hits you but does no damage.
You hit Terence.
You kill Terence!
You hit the giant cockroach but do no damage.
Your magical infusion is running out.
The giant cockroach barely misses you.
You riposte.
You closely miss the giant cockroach.
The giant cockroach bites you but does no damage.
You hit the giant cockroach but do no damage.
The giant cockroach bites you but does no damage.
You barely miss the giant cockroach.
The giant cockroach bites you but does no damage.
You barely miss the giant cockroach.
Your headbutt misses the giant cockroach.
The giant cockroach bites you but does no damage.
You hit the giant cockroach. You headbutt the giant cockroach.
You kill the giant cockroach!
You are no longer magically infusing your attacks.
Items here: ) [ †† a short sword; a chain mail; a giant cockroach corpse the human corpse of Terence You start resting.
Your magical contamination has completely faded away.
You start resting.
Eating a chunk of flesh.
You eat the chunk of flesh.
This raw flesh tastes terrible.
Magic restored.
Things that are here:
a club; a jackal corpse x2
Unknown command.
You see here a jackal corpse.
You butcher the jackal corpse.
j - a chunk of flesh You see here a jackal skeleton.
Grinder comes into view.
Grinder moves out of view.
Casting: Infusion
Confirm with . or Enter, or press ? or * to list all spells.
You begin infusing your attacks with magical energy.
Unknown command.
You start resting.
Grinder barely misses you.
You riposte.
You hit Grinder.
Grinder is lightly wounded.
You hit Grinder.
Grinder is lightly wounded.
Grinder gestures at you. Pain shoots through your body!
You closely miss Grinder.
Grinder is lightly wounded.
Grinder hits you.
Unknown command.
You barely miss Grinder.
Grinder is lightly wounded.
Grinder hits you but does no damage.
Unknown command.
You slash Grinder!
Grinder is moderately wounded.
Grinder hits you but does no damage.
You barely miss Grinder. You headbutt Grinder.
Grinder is moderately wounded.
Grinder gestures at you. Pain shoots through your body!
Unknown command.
You closely miss Grinder.
Grinder is moderately wounded.
Grinder hits you.
Unknown command.
You barely miss Grinder.
Grinder is moderately wounded.
Your magical infusion is running out.
Grinder hits you.
* * * LOW HITPOINT WARNING * * *
You writhe in agony.
* * * LOW HITPOINT WARNING * * *
It was a potion of flight.
You feel very buoyant.
You fly up into the air.
Grinder gestures at you.
You barely resist.
It was a potion of curing.
You feel better. Grinder hits you!
* * * LOW HITPOINT WARNING * * *
You writhe in agony.
* * * LOW HITPOINT WARNING * * *
Unknown command.
You barely miss Grinder.
Grinder is moderately wounded.
Grinder gestures at you. Pain shoots through your body!
You die...

... #'# ##.#######
#......... #..#######
##...## ######.....#
#....5....##
#..###@..## ........#
#..÷# .....#..###...#
#... #.#...##.#####
##. #.####.......###
# #.####...#.....#
#...))..#.#..#.##
######.#._.#....#
#######..#.#..#..####


You could see Grinder.

Vanquished Creatures
  Terence (D:3)
  Jessica (D:2)
  A gnoll (D:1)
  An adder (D:2)
  2 dart slugs
  A leopard gecko (D:3)
  2 bats
  A giant cockroach (D:3)
  2 hobgoblins
  9 jackals
  A kobold (D:2)
  3 frilled lizards
  6 goblins
  3 rats
34 creatures vanquished.

Notes
Turn   | Place    | Note
-------+----------+-------------------------------------------
     0 | D:1      | magipi the Minotaur Skald began the quest for the Orb.
     0 | D:1      | Reached XP level 1. HP: 18/18 MP: 1/1
   351 | D:1      | Reached skill level 3 in Long Blades
   351 | D:1      | Reached XP level 2. HP: 24/25 MP: 1/3
   468 | D:2      | Reached XP level 3. HP: 23/30 MP: 0/4
   616 | D:2      | Found a bloodstained altar of Trog.
   618 | D:2      | Found a snail-covered altar of Cheibriados.
   699 | D:2      | Noticed Jessica
   714 | D:2      | Killed Jessica
   714 | D:2      | Reached skill level 4 in Long Blades
   735 | D:2      | Reached XP level 4. HP: 29/37 MP: 5/5
   749 | D:2      | Found a shattered altar of Ashenzari.
   768 | D:2      | Noticed Sigmund
   885 | D:3      | Found an iron altar of Okawaru.
   892 | D:2      | Found a white marble altar of Elyvilon.
   892 | D:2      | Found an opulent altar of Gozag.
   892 | D:2      | Found a glowing silver altar of Zin.
   892 | D:2      | Found a shimmering altar of Xom.
   895 | D:2      | Found a radiant altar of Vehumet.
   944 | D:3      | Noticed Terence
   967 | D:3      | Killed Terence
  1039 | D:3      | Noticed Grinder
  1057 | D:3      | Killed from afar by Grinder

Skill      XL: |  1  2  3 |
---------------+----------+-----
Long Blades    | 3 4 |  4.6
Fighting       | |  2.4
Armour         | |  1.2
Dodging        | |  2.1
Spellcasting   | |  1.8
Charms         | |  2.6

Action                   |  1- 3 |  4- 6 || total
-------------------------+-------+-------++-------
Melee: Falchion          |    47 |    37 ||    84
       Headbutt          |     6 |     8 ||    14
 Cast: Infusion          |     1 |     2 ||     3
  Use: Scroll            |     1 |       ||     1
       Potion            |       |     2 ||     2
  Eat: Chunk             |       |     1 ||     1
Armor: Ring mail         |    22 |    15 ||    37
Dodge: Dodged            |    32 |    22 ||    54
       Rpst.: Falchion   |    11 |    11 ||    22

Action                   |  1- 3 |  4- 6 || total
-------------------------+-------+-------++-------
Melee: Falchion          |    47 |    37 ||    84
       Headbutt          |     6 |     8 ||    14
 Cast: Infusion          |     1 |     2 ||     3
  Use: Scroll            |     1 |       ||     1
       Potion            |       |     2 ||     2
  Eat: Chunk             |       |     1 ||     1
Armor: Ring mail         |    22 |    15 ||    37
Dodge: Dodged            |    32 |    22 ||    54
       Rpst.: Falchion   |    11 |    11 ||    22
